 Dungeon Crawl Stone Soup version 0.20.1-1-g8b1a95d (webtiles) character file.

7 Fisto the Grasshopper (level 1, -1/10 HPs)
             Began as a Spriggan Warper on Nov 15, 2017.
             Slain by a hobgoblin
             ... wielding a +0 club
              (6 damage)
             ... on level 1 of the Dungeon.
             The game lasted 00:03:50 (363 turns).

Fisto the Grasshopper (Spriggan Warper)              Turns: 363, Time: 00:03:50

Health: -1/10      AC:  2    Str:  7    XL:     1   Next: 91%
Magic:  5/5        EV: 19    Int: 14    God:
Gold:   41         SH:  0    Dex: 15    Spells: 5/5 levels left

rFire    . . .     SeeInvis +   a - +0 short sword
rCold    . . .     Gourm    .   (shield restricted)
rNeg     . . .     Faith    .   b - +0 robe
rPois    .         Spirit   .   (helmet restricted)
rElec    .         Reflect  .   (no cloak)
rCorr    .         Harm     .   (gloves unavailable)
MR       .....                  (boots unavailable)
Stlth    +.........             (no amulet)
Regen    0.1/turn               (no ring)
MPRegen  0.1/turn               (no ring)

@: very quick
A: unfitting armour, see invisible, herbivore 3, speed 3, slow metabolism 2
a: no special abilities


You were on level 1 of the Dungeon.
You were not hungry.

You visited 1 branch of the dungeon, and saw 2 of its levels.

You collected 41 gold pieces.

Inventory:

Hand Weapons
 a - a +0 short sword (weapon)
Missiles
 e - 5 tomahawks of dispersal (quivered)
Armour
 b - a +0 robe (worn)
Scrolls
 d - a scroll of blinking
Books
 c - a book of Spatial Translocations

   Spells                             Type                      Level
   a - Blink                          Translocation                2
   b - Shroud of Golubria             Charms/Translocation         2
   c - Lesser Beckoning               Translocation                3
   d - Gell's Gravitas                Translocation                3
   e - Teleport Other                 Translocation                3
   f - Passage of Golubria            Translocation                4
Comestibles
 f - a bread ration
 g - a royal jelly


   Skills:
 + Level 1.6 Fighting
 + Level 2.4 Short Blades
 + Level 1.0 Throwing
 + Level 4.0 Dodging
 + Level 2.8 Spellcasting
   Level 4.4 Translocations


You had 5 spell levels left.
You didn't know any spells.

Dungeon Overview and Level Annotations

Branches:
Dungeon (2/15)

Altars:
Elyvilon
Kikubaaqudgha


Innate Abilities, Weirdness & Mutations

You are very small and have problems with some larger weapons.
You are too small for most types of armour.
You have supernaturally acute eyesight. (SInv)
You are a herbivore.
You cover ground extremely quickly.
You need consume almost no food.


Message History

A mysterious force pulls you upwards. The hatch slams shut behind you.
The hobgoblin barely misses you.
Found a scale mail.
You hit the hobgoblin.
The hobgoblin is severely wounded.
The bat hits you but does no damage. The hobgoblin misses you.
You closely miss the hobgoblin.
The hobgoblin is severely wounded.
The bat completely misses you. The hobgoblin barely misses you.
You hit the hobgoblin but do no damage.
The hobgoblin is severely wounded.
The bat misses you. The hobgoblin closely misses you.
You hit the hobgoblin but do no damage.
The hobgoblin is severely wounded.
The bat hits you. The hobgoblin closely misses you.
You barely miss the hobgoblin.
The hobgoblin is severely wounded.
The bat hits you but does no damage. The hobgoblin hits you with a club.
Ouch! That really hurt!
You die...

....### .......
....####.....# ..# .#
........#...# #.# .#
.##.###..g..####.##.###
.# ..# ##>..#....#....#
## #.###..............#
####.##..(............#
#.............h.b....[#
#...............@g?...#
>..g.............#....#
#########...#...## ...#
....#######..#### ..#
###.)........# .#
############ #


You could see a jackal, a hobgoblin, a goblin (wandering) and a bat.

Vanquished Creatures
  2 bats (D:1)
  A giant cockroach (D:1)
  2 goblins (D:1)
  A frilled lizard (D:1)
6 creatures vanquished.

Notes
Turn   | Place    | Note
-------+----------+-------------------------------------------
     0 | D:1      | Fisto the Spriggan Warper began the quest for the Orb.
     0 | D:1      | Reached XP level 1. HP: 10/10 MP: 5/5
   346 | D:2      | Found an ancient bone altar of Kikubaaqudgha.
   346 | D:2      | Found a white marble altar of Elyvilon.
   363 | D:1      | Slain by a hobgoblin

Skill      XL: |  1 |
---------------+----+-----
Dodging        | 4 |  4.0
Fighting       | |  1.6
Short Blades   | |  2.4
Throwing       | |  1.0
Spellcasting   | |  2.8
Translocations | |  4.4

Action                   || total
-------------------------++-------
Melee: Short sword       ||    56
  Use: Potion            ||     1
Armor: Robe              ||    10
Dodge: Dodged            ||    84
